 Dungeon Crawl Stone Soup version 0.27.1-34-g3ba077fa99 (webtiles) character file.

Game seed: 10766164056901336796

41 Eitelfritz the Poker (level 3, 0/28 HPs)
             Began as a Merfolk Gladiator on Jan 10, 2022.
             Slain by Terence (2 damage)
             ... on level 2 of the Dungeon.
             The game lasted 00:05:47 (1602 turns).

Eitelfritz the Poker (Merfolk Gladiator)            Turns: 1602, Time: 00:05:47

Health: 0/28       AC:  4    Str: 14    XL:     3   Next: 52%
Magic:  3/3        EV: 13    Int:  8    God:
Gold:   78         SH:  0    Dex: 15    Spells: 2/2 levels left

rFire    . . .     SeeInvis .   a - +0 trident
rCold    . . .     Faith    .   (no shield)
rNeg     . . .     Spirit   .   b - +0 leather armour
rPois    .         Reflect  .   c - +0 helmet
rElec    .         Harm     .   (no cloak)
rCorr    .         Rampage  .   (no gloves)
Will     .....                  (no boots)
Stlth    +.........             (no amulet)
HPRegen  0.09/turn              (no ring)
MPRegen  0.08/turn              (no ring)

@: no status effects
A: (nimble swimmer 2), mertail
a: no special abilities


You were on level 2 of the Dungeon.
You visited 1 branch of the dungeon, and saw 2 of its levels.

You collected 78 gold pieces.

Inventory:

Hand Weapons
 a - a +0 trident (weapon)
Missiles
 f - 98 stones (quivered)
Armour
 b - a +0 leather armour (worn)
 c - a +0 helmet (worn)
Wands
 l - a wand of flame (4)
Scrolls
 e - a scroll of vulnerability {unknown}
 k - 2 scrolls of teleportation {unknown}
Potions
 g - a potion of attraction {unknown}
 h - 2 potions of degeneration {unknown}
 i - a potion of flight {unknown}
 j - a potion of curing {unknown}


   Skills:
 + Level 2.3 Fighting
 + Level 5.5 Polearms
 + Level 2.1 Throwing
 + Level 0.3 Armour
 + Level 4.5 Dodging
 + Level 0.4 Stealth


You had 2 spell levels left.
You didn't know any spells.
Your spell library contained the following spells:

 Spells                   Type           Power      Damage    Failure   Level
 Foxfire                  Conj/Fire      0%         2x1d4     50%         1
 Static Discharge         Conj/Air       0%         N/A       63%         2
 Conjure Flame            Conj/Fire      0%         6-21      86%         3
 Inner Flame              Hex/Fire       0%         N/A       86%         3
 Lightning Bolt           Conj/Air       0%         1d11      100%        5
 Maxwell's Capacitive Co  Air            0%         ∞         100%        8


Dungeon Overview and Level Annotations

Branches:
Dungeon (2/15)

Altars:

Shops:
D:2 [

Annotations:
D:2 Terence


Innate Abilities, Weirdness & Mutations

((You are quick and stealthy near water. (Stealth+, EV+, Speed+++)))
Your lower body shifts to a powerful aquatic tail in water.


Message History

You hit Terence.
Terence is heavily wounded.
Terence barely misses you. Terence hits you but does no damage.
You hit Terence but do no damage.
Terence is heavily wounded.
Terence hits you but does no damage.
You barely miss Terence.
Terence is heavily wounded.
Terence misses you. Terence barely misses you.
You hit Terence but do no damage.
Terence is heavily wounded.
Terence misses you. Terence barely misses you.
You closely miss Terence.
Terence is heavily wounded.
Terence hits you with a +2 short sword of speed.
You hit Terence but do no damage.
Terence is heavily wounded.
Terence barely misses you.
Terence hits you with a +2 short sword of speed.
You closely miss Terence.
Terence is heavily wounded.
Terence hits you with a +2 short sword of speed.
* * * LOW HITPOINT WARNING * * *
You hit Terence.
Terence is severely wounded.
Terence closely misses you. Terence barely misses you.
You closely miss Terence.
Terence is severely wounded.
Terence hits you with a +2 short sword of speed!
* * * LOW HITPOINT WARNING * * *
There's nothing to close nearby.
Aiming: Throw Flame
Press: ? - help, Shift-Dir - straight line, f/p - Terence
Aim: Terence, wielding a +2 short sword of speed and wearing a +0 scale mail (heavily wounded, 72% to hit)
The puff of flame hits Terence.
Terence is severely wounded.
Terence closely misses you.
Terence says, "Rest in peace."
Terence hits you with a +2 short sword of speed.
You die...

..........>................#.....
##.....#..............######.....
#....##.###.......#### #.###.
#.......# #.#...#.# #.# #.
###.##### #.#...#.# #.#### #.
#.#.>.#†# #.#... #. #.#...#†#
#.#... ## #.......# #).... .
##...@..# ###... #. #.#@##.# #...
##.##.#..#.# #... .....##.#.#
#... # #..##.#.# ####
#.##.#..∩....###.#
..................
#######.##.#..##.# #.#.#.#..#..#


You could see Terence.

Vanquished Creatures
  A hound skeleton (D:2)
  A worm (D:2)
  A ball python (D:2)
  3 endoplasms
  3 hobgoblins
  2 jackals (D:2)
  3 kobolds
  A quokka (D:2)
  7 bats
  2 frilled lizards
24 creatures vanquished.

Notes
Turn   | Place    | Note
-------+----------+-------------------------------------------
     0 | D:1      | Eitelfritz the Merfolk Gladiator began the quest for the
                  | Orb.
     0 | D:1      | Reached XP level 1. HP: 16/16 MP: 1/1
   415 | D:1      | Reached XP level 2. HP: 22/22 MP: 2/2
   965 | D:2      | Reached skill level 5 in Polearms
   965 | D:2      | Reached XP level 3. HP: 21/27 MP: 3/3
  1554 | D:2      | Found Tuawiytutu's Antique Armour Shop.
  1572 | D:2      | Noticed Terence
  1590 | D:2      | HP: 1/28 [Terence (8)]
  1602 | D:2      | Slain by Terence

Illustrated notes

Levels and vault maps discovered:
D:1:      erik_arrival_blinker_ship, layout_loops_ring, minivault_5
D:2:      layout_loops_cross, serial_shops, shop, minmay_misc_feat_hallway,
          minmay_rat_gold_closets, uniq_terence

Skill      XL: |  1  2 |
---------------+-------+-----
Polearms       | 5 |  5.5
Fighting       | |  2.3
Throwing       | |  2.1
Armour         | |  0.3
Dodging        | |  4.5
Stealth        | |  0.4

Action                   || total
-------------------------++-------
Melee: Trident           ||    87
Throw: Throwing net      ||     3
Evoke: Wand              ||     1
 Stab: Sleeping          ||     1
Armor: Leather armour    ||    20
Dodge: Dodged            ||    48
